 Dungeon Crawl Stone Soup version 0.28.0-45-g0d030f2227 (webtiles) character file.

Game seed: 6975338543254029737

11921 Icepheonix32 the Protected (level 11, -13/83 HPs)
             Began as a Demonspawn Fighter on Apr 10, 2022.
             Was an Elder of Makhleb.
             Succumbed to a death drake's dark miasma
             ... on level 9 of the Dungeon.
             The game lasted 00:21:08 (13273 turns).

Icepheonix32 the Protected (Demonspawn Fighter)    Turns: 13273, Time: 00:21:09

Health: -13/83     AC: 22    Str: 21    XL:     11   Next: 55%
Magic:  18/18      EV:  7    Int:  9    God:    Makhleb [****..]
Gold:   766        SH:  5    Dex: 13    Spells: 10/10 levels left

rFire   . . .      SeeInvis +   F - +1 hand axe (elec)
rCold   . . .      Faith    .   c - +0 buckler
rNeg    . . .      Spirit   .   h - +0 plate armour
rPois   .          Reflect  .   p - +0 helmet
rElec   .          Harm     .   G - +2 cloak
rCorr   .          Rampage  .   (no gloves)
Will    .....                   (no boots)
Stlth   ..........              (no amulet)
HPRegen 0.23/turn               D - ring of see invisible
MPRegen 0.16/turn               (no ring)

@: lethally poisoned (-13 -> -76), slowed, studying Poison Magic, very slow
A: thin metallic scales 1, demonic guardian 2, powered by death 1, weakness
stinger 1
a: Renounce Religion, Minor Destruction, Lesser Servant of Makhleb, Major
Destruction


You were on level 9 of the Dungeon.
You worshipped Makhleb.
Makhleb was greatly pleased with you.
You visited 1 branch of the dungeon, and saw 9 of its levels.
You also visited: Ossuary and Bailey.

You collected 766 gold pieces.

Inventory:

Hand Weapons
 a - a +1 long sword of flaming
 e - a +1 dagger of holy wrath
 o - a +0 battleaxe
 z - a +4 hand crossbow of freezing
 B - a +0 whip
 F - a +1 hand axe of electrocution (weapon)
 H - a +4 mace of holy wrath
 I - a +1 spear of freezing
Missiles
 y - 15 poisoned darts (quivered)
 A - 134 bolts
 L - 3 boomerangs
Armour
 c - a +0 buckler (worn)
 d - a +3 leather armour of poison resistance
 g - a +0 chain mail
 h - a +0 plate armour (worn)
 p - a +0 helmet (worn)
 G - a +2 cloak (worn)
Jewellery
 D - a ring of see invisible (left hand)
 P - a +6 ring of strength
Wands
 k - a wand of paralysis (12)
 m - a wand of mindburst (16)
 n - a wand of flame (24)
 J - a wand of polymorph (9)
Scrolls
 f - 7 scrolls of teleportation
 t - a scroll of fear
 u - 2 scrolls of enchant weapon
 v - 2 scrolls of vulnerability
 w - a scroll of brand weapon
 E - 2 scrolls of silence
Potions
 b - 2 potions of invisibility {unknown}
 i - 4 potions of cancellation
 j - 2 potions of flight
 l - 3 potions of attraction
 q - 3 potions of resistance
 s - a potion of brilliance
 K - 2 potions of ambrosia {unknown}
 O - a potion of mutation {unknown}


   Skills:
 + Level 6.9 Fighting
 - Level 3.0 Long Blades
 + Level 5.6 Axes
 + Level 2.5 Crossbows
 + Level 4.3 Throwing
 * Level 11.1 Armour
 + Level 2.2 Dodging
 + Level 1.1 Stealth
 + Level 5.1 Shields
 + Level 0.1 Unarmed Combat
 * Level 9.5 Invocations
 + Level 0.1 Evocations


You had 10 spell levels left.
You didn't know any spells.
Your spell library contained the following spells:

 Spells                   Type           Power      Damage    Failure   Level
 Animate Skeleton         Necr           0%         N/A       100%        1
 Pain                     Necr           0%         1d4       100%        1
 Vampiric Draining        Necr           0%         2d6       100%        3


Dungeon Overview and Level Annotations

Branches:
Dungeon (9/15)             Temple (0/1) D:7            Lair (0/6) D:8
Ossuary (visited)          Bailey (visited)
    Orc: D:9-12

Altars:
Ashenzari
Fedhas
Makhleb
Vehumet
Yredelemnul
Zin


Innate Abilities, Weirdness & Mutations

You are partially covered in thin metallic scales. (AC +2)
A demonic guardian rushes to your aid.
You regenerate a little health from kills.
You have a small tail.


Message History

Press: ? - help, Q - select action, (/) - cycle Shift-Dir - straight line, f/p - death drake
Aim: a death drake (heavily wounded, catching its breath, ally target, 50% to hit)
Really fire in your ynoxinul's direction?
You throw a boomerang. The boomerang hits the death drake.
The death drake is heavily wounded.
You feel very sick.
Your ynoxinul gestures.
The orc wizard barely misses your ufetubus.
Your ynoxinul barely misses the orc wizard.
Throw: dart (curare)
Press: ? - help, Q - select action, (/) - cycle Shift-Dir - straight line, f/p - death drake
Aim: a death drake (foul pestilence, heavily wounded, ally target, 50% to hit)
Really fire in your ufetubus's direction?
You throw a curare-tipped dart.
The curare-tipped dart barely misses the death drake.
The curare-tipped dart closely misses your ufetubus.
The curare-tipped dart closely misses the orc wizard.
The curare-tipped dart barely misses your ynoxinul.
You feel very sick.
Your ufetubus hits the orc wizard.
The orc wizard dies!
Makhleb accepts your kill.
Your ynoxinul gestures.
You feel sick. The death drake breathes miasma at you.
The foul vapour engulfs you but does no damage.
The death drake breathes miasma at you. The foul vapour engulfs you!
You are lethally poisoned!
You feel as though you will be slow longer.
* * * LOW HITPOINT WARNING * * *
Your ufetubus hits the death drake.
Your ufetubus hits the death drake but does no damage.
You miss the death drake.
The death drake is heavily wounded.
You are engulfed in dark miasma.
You are more poisoned.
* * * LOW HITPOINT WARNING * * *
A demonic guardian appears!
You die...

### #......#..........#
#......#..........#
#####......#..........#
....#......##########.#
###...................#
#............########
#......#.....#4°....#
#......#.....#°# .....#
#.##########.#@# .....#
#.# #.#k# .....# #.#
#.#5# ..... ###.# #.#5#
...# ....# #.#.# ...#
##### #.#3###...# ...#
######.#55))...# ...#
.......5######## ####
.......5.......


You could see a death drake (catching breath, ally target), a friendly rust
devil (summoned), a friendly ynoxinul (summoned) and 5 friendly ufetubi.

Vanquished Creatures
  2 two-headed ogres
  Joseph (D:7)
  A kobold demonologist (D:5)
  A tengu conjurer (D:9)
  7 yaks
  A wraith (D:9)
  10 humans
  2 water moccasins
  3 ice beasts (D:6)
  2 orc warriors
  A black bear (D:4)
  A hornet zombie (D:7)
  2 ogres
  A centaur (D:5)
  Blork the orc (D:6)
  9 bullfrogs
  3 scorpions
  A wyvern zombie (D:7)
  A wyvern skeleton (D:7)
  A water moccasin zombie (D:5)
  5 killer bees
  2 water moccasin skeletons
  3 wights (D:9)
  4 jellies
  11 orc priests
  A bullfrog skeleton (D:5)
  4 centaur zombies
  3 hounds
  2 iguanas
  Jessica (D:7)
  Ijyb (D:7)
  8 orc wizards
  A scorpion zombie (D:5)
  6 mummies (Ossuary)
  Robin (D:2)
  5 adders
  4 gnolls
  A shadow imp (D:7)
  2 white imps
  An adder zombie (D:5)
  2 worms (D:2)
  4 dart slugs
  34 orcs
  7 ball pythons
  2 bats
  7 endoplasms
  6 giant cockroaches
  2 gnoll zombies (Ossuary)
  11 goblins
  7 hobgoblins
  4 jackals
  5 kobolds
  7 quokkas
  2 frilled lizards (D:2)
  A goblin zombie (D:4)
  5 orc zombies (Ossuary)
  A quokka zombie (D:4)
  4 rats
228 creatures vanquished.

Vanquished Creatures (collateral kills)
  2 vault guards (Bailey)
  Prince Ribbit (Bailey)
  Sigmund (D:4)
  A wraith (D:5)
  3 yaks (D:7)
  3 humans
  4 orc warriors
  A sky beast (D:3)
  3 kobold brigands
  3 bullfrogs
  2 orc priests
  A centaur zombie (D:5)
  An orc wizard (D:9)
  2 mummies (Ossuary)
  An adder (D:5)
  An ufetubus (D:5)
  7 orcs
  2 goblins (Bailey)
  2 kobolds (D:5)
  An orc zombie (Ossuary)
42 creatures vanquished.

Vanquished Creatures (others)
  2 orc wizards
2 creatures vanquished.

Grand Total: 272 creatures vanquished

Notes
Turn   | Place    | Note
-------+----------+-------------------------------------------
     0 | D:1      | Icepheonix32 the Demonspawn Fighter began the quest for the
                  | Orb.
     0 | D:1      | Reached XP level 1. HP: 18/18 MP: 1/1
   120 | D:1      | Found a faded altar of an unknown god.
   234 | D:1      | Gained mutation: You are partially covered in thin metallic
                  | scales. (AC +2) [demonic ancestry]
   234 | D:1      | Reached XP level 2. HP: 24/24 MP: 2/2
   532 | D:1      | Reached skill level 3 in Armour
  1190 | D:2      | Gained mutation: A weak demonic guardian rushes to your
                  | aid. [demonic ancestry]
  1190 | D:2      | Reached XP level 3. HP: 29/29 MP: 3/3
  1327 | D:2      | Noticed Robin
  1342 | D:2      | Killed Robin
  1354 | D:2      | Reached skill level 1 in Throwing
  1829 | D:2      | Reached XP level 4. HP: 35/35 MP: 4/4
  2404 | D:3      | Noticed a sky beast
  2430 | D:3      | Killed a sky beast
  2431 | D:3      | Reached skill level 4 in Armour
  2431 | D:3      | Gained mutation: You regenerate a little health from kills.
                  | [demonic ancestry]
  2431 | D:3      | Reached XP level 5. HP: 3/41 MP: 5/5
  3068 | D:3      | Found a burning altar of Makhleb.
  3077 | D:3      | Became a worshipper of Makhleb the Destroyer
  3215 | D:4      | Reached XP level 6. HP: 19/47 MP: 6/6
  3264 | D:4      | Noticed Sigmund
  3270 | D:4      | Noticed a two-headed ogre
  3280 | D:4      | Killed a two-headed ogre
  3281 | D:4      | Reached skill level 5 in Armour
  3281 | D:4      | Gained mutation: A demonic guardian rushes to your aid.
                  | [demonic ancestry]
  3281 | D:4      | Reached XP level 7. HP: 5/54 MP: 6/9
  3286 | D:4      | Killed Sigmund
  3287 | D:4      | Reached skill level 6 in Armour
  3287 | D:4      | Reached skill level 1 in Dodging
  3287 | D:4      | Reached XP level 8. HP: 13/61 MP: 6/10
  3403 | D:4      | Found a sand-covered staircase.
  3413 | Ossuary  | Entered an ossuary
  3486 | Ossuary  | Reached * piety under Makhleb
  4122 | D:4      | Found a basalt altar of Yredelemnul.
  4123 | D:4      | Found a broken altar of Ashenzari.
  4701 | D:4      | Reached skill level 7 in Armour
  4701 | D:4      | Reached skill level 5 in Invocations
  5341 | D:5      | Entered Level 5 of the Dungeon
  5644 | D:5      | Noticed a kobold demonologist
  5651 | D:5      | Noticed a hellwing
  5661 | D:5      | Killed a kobold demonologist
  5662 | D:5      | Reached skill level 5 in Fighting
  5662 | D:5      | Reached XP level 9. HP: 30/68 MP: 11/13
  5955 | D:5      | Reached skill level 8 in Armour
  6271 | D:5      | Reached ** piety under Makhleb
  6709 | D:5      | Reached skill level 1 in Crossbows
  6733 | D:5      | Reached skill level 1 in Stealth
  7522 | D:6      | Reached skill level 1 in Axes
  8178 | D:6      | Noticed Blork the orc
  8186 | D:6      | Killed Blork the orc
  8187 | D:6      | Gained mutation: You have a small tail. [demonic ancestry]
  8187 | D:6      | Reached XP level 10. HP: 76/76 MP: 15/15
  9066 | D:7      | Noticed a two-headed ogre
  9099 | D:7      | Killed a two-headed ogre
  9100 | D:7      | Reached skill level 9 in Armour
  9138 | D:7      | Noticed Joseph
  9151 | D:7      | Killed Joseph
  9162 | D:7      | Found a staircase to the Ecumenical Temple.
  9204 | D:7      | Noticed Jessica
  9205 | D:7      | Noticed Ijyb
  9219 | D:7      | Killed Ijyb
  9261 | D:7      | Reached *** piety under Makhleb
  9290 | D:7      | Reached skill level 10 in Armour
  9305 | D:7      | Killed Jessica
  9339 | D:7      | Found a flagged portal.
  9355 | Bailey   | Entered a bailey
  9426 | Bailey   | Reached XP level 11. HP: 67/83 MP: 17/17
  9701 | Bailey   | Noticed a vault guard
  9748 | Bailey   | Killed a vault guard
  9749 | Bailey   | Reached skill level 5 in Axes
 10244 | Bailey   | Noticed a vault guard
 10244 | Bailey   | Noticed Prince Ribbit
 10251 | Bailey   | Killed Prince Ribbit
 10259 | Bailey   | Killed a vault guard
 10926 | D:7      | Reached skill level 5 in Shields
 11927 | D:8      | Found a staircase to the Lair.
 12084 | D:8      | Found a blossoming altar of Fedhas.
 12317 | D:9      | Reached skill level 11 in Armour
 12363 | D:9      | Reached **** piety under Makhleb
 12818 | D:9      | Found a radiant altar of Vehumet.
 13240 | D:9      | Noticed a tengu warrior
 13258 | D:9      | Noticed a death drake
 13258 | D:9      | a tengu warrior changed into a death drake
 13273 | D:9      | Succumbed to a death drake's dark miasma

Illustrated notes

Levels and vault maps discovered:
D:1:      scummos_arrival_star, layout_basic, ebering_ecumenical_altar_hall,
          chequers_serial_rivers_micro_d, kennysheep_small_spiral,
          minmay_pentomino_r4
D:2:      minmay_door_path, layout_loops_corners, uniq_robin
D:3:      layout_loops_ring, mainiacjoe_overflow_six_doors_small
D:4:      layout_loops_corners, nicolae_overflow_squiral, enter_ossuary_4,
          st_stairs_3, guppyfry_early_orc_mine, uniq_sigmund
D:5:      minmay_chambers_of_threes, layout_loops_ring, minmay_manual_moon
D:6:      layout_basic, st_stairs_1, uniq_blork_the_orc
D:7:      erik_cavepeople, layout_basic, kennysheep_mini,
          minmay_temple_entry_proselytizer, serial_co_window_serial,
          co_window_paths_a, co_window_corner_a, co_window_corner_a,
          co_window_paths_a, co_window_of_opportunity_a,
          co_window_of_opportunity_c, co_window_unsneaky_path_e,
          co_window_corner_b, co_window_cross_2, co_window_broadway_b,
          co_window_unsneaky_path_b, co_window_paths_e, glass_columns_c,
          glass_columns_c, glass_columns_b, enter_bailey_1, uniq_joseph
D:8:      nicolae_cairo_tiling_large_dashed, layout_rooms,
          mainiacjoe_overflow_alcove_1, lair_entry_dummy
D:9:      layout_basic, lemuel_crystal_altar

Skill      XL: |  1  2  3  4  5  6  7  8  9 10 11 |
---------------+----------------------------------+-----
Long Blades    | 2 3 |  3.0
Armour         | 3 4 5 6 7 8 10 11 | 11.1
Shields        | 3 4 5 |  5.1
Throwing       | 1 2 3 4 |  4.3
Fighting       | 4 5 6 |  6.9
Invocations    | 3 5 7 8 9 |  9.5
Dodging        | 1 2 |  2.2
Crossbows      | 1 2 |  2.5
Stealth        | 1 |  1.1
Axes           | 2 4 5 |  5.6
Unarmed Combat | |  0.1
Evocations     | |  0.1

Action                   |  1- 3 |  4- 6 |  7- 9 | 10-12 || total
-------------------------+-------+-------+-------+-------++-------
Melee: Long sword        |    76 |    80 |   307 |       ||   463
       Hand axe          |       |       |    80 |   454 ||   534
       Unarmed           |       |       |     5 |       ||     5
       Tailslap          |       |       |       |    82 ||    82
 Fire: Hand crossbow     |       |       |    21 |    16 ||    37
Throw: Boomerang         |    49 |    22 |     1 |    11 ||    83
       Dart              |       |       |     3 |    11 ||    14
Invok: Minor Destruction |       |       |     1 |       ||     1
       Lesser Servant of |       |       |       |     3 ||     3
Evoke: Wand              |       |       |       |     3 ||     3
  Use: Potion            |     1 |     2 |     4 |     8 ||    15
       Scroll            |       |     6 |       |    11 ||    17
Armor: Scale mail        |    39 |    46 |       |       ||    85
       Chain mail        |       |     9 |   335 |    75 ||   419
       Plate armour      |       |       |       |   246 ||   246
Dodge: Dodged            |    35 |    25 |   182 |   154 ||   396
Block: Buckler           |    16 |    16 |   104 |   108 ||   244
